 Dungeon Crawl Stone Soup version 0.27-a0-1299-g1ab19c6527 (webtiles) character file.

Game seed: 17009574067691464406

96 deletemesenpai the Shield-Bearer (level 4, -2/40 HPs)
             Began as a Hill Orc Fighter on June 17, 2021.
             Slain by a scorpion (5 damage)
             ... on level 3 of the Dungeon.
             The game lasted 00:04:06 (3018 turns).

deletemesenpai the Shield-Bearer (Hill Orc Fighter) Turns: 3018, Time: 00:04:09

Health: -2/40      AC: 10    Str: 19    XL:     4   Next: 67%
Magic:  4/4        EV:  5    Int:  8    God:
Gold:   118        SH:  9    Dex: 10    Spells: 3/3 levels left

rFire    . . .     SeeInvis .   a - +0 war axe
rCold    . . .     Faith    .   c - +0 kite shield
rNeg     . . .     Spirit   .   n - +0 chain mail
rPois    .         Reflect  .   (no helmet)
rElec    .         Harm     .   b - +0 cloak
rCorr    .         Rampage  .   (no gloves)
Will     .....                  (no boots)
Stlth    ..........             (no amulet)
HPRegen  0.13/turn              (no ring)
MPRegen  0.09/turn              (no ring)

@: mighty, lethally poisoned (-2 -> -6)
A: no striking features
a: no special abilities


You were on level 3 of the Dungeon.
You visited 1 branch of the dungeon, and saw 3 of its levels.

You collected 118 gold pieces.

Inventory:

Hand Weapons
 a - a +0 war axe (weapon)
Armour
 b - a +0 cloak (worn)
 c - a +0 kite shield (worn)
 n - a +0 chain mail (worn)
Jewellery
 l - a ring of see invisible
Wands
 o - a wand of flame (17)
Scrolls
 g - a scroll of enchant armour {unknown}
 h - 3 scrolls of teleportation {unknown}
 i - a scroll of fog {unknown}
 j - a scroll of magic mapping {unknown}
 k - a scroll of immolation {unknown}
 m - a scroll of enchant weapon {unknown}
 p - a scroll of identify {unknown}
Potions
 d - 3 potions of might
 e - 3 potions of curing {unknown}
 f - a potion of degeneration {unknown}
 q - a potion of mutation {unknown}
 r - a potion of attraction {unknown}


   Skills:
 + Level 4.1 Fighting
 + Level 4.0 Axes
 + Level 4.1 Armour
 + Level 4.2 Shields


You had 3 spell levels left.
You didn't know any spells.
Your spell library was empty.

Dungeon Overview and Level Annotations

Branches:
Dungeon (3/15)

Altars:
Qazlal


Message History

The scorpion stings you but does no damage. x2
You hit the scorpion.
The scorpion is severely wounded.
You feel sick. You block the scorpion's attack.
The scorpion stings you but does no damage.
You hit the scorpion but do no damage.
The scorpion is severely wounded.
You feel sick. You block the scorpion's attack. The scorpion barely misses you.
You closely miss the scorpion.
The scorpion is severely wounded.
You feel sick.
The scorpion stings you but does no damage.
You block the scorpion's attack.
Your shield and chain mail prevent you from hitting the scorpion.
The scorpion is severely wounded.
You feel sick. You block the scorpion's attack. The scorpion stings you.
You hit the scorpion.
The scorpion is severely wounded.
You feel sick.
You are no longer poisoned.
The scorpion stings you.
You are poisoned.
The scorpion poisons you!
You feel very mighty all of a sudden.
* * * LOW HITPOINT WARNING * * *
You feel very sick. You block the scorpion's attack.
The scorpion barely misses you.
You hit the scorpion.
The scorpion is severely wounded.
* * * LOW HITPOINT WARNING * * *
You feel very sick. The scorpion stings you.
* * * LOW HITPOINT WARNING * * *
You closely miss the scorpion.
The scorpion is severely wounded.
* * * LOW HITPOINT WARNING * * *
You feel very sick.
The scorpion stings you but does no damage.
The scorpion stings you.
You die...

....##.####.......#......
..................#.#####
######...#######..#....#
#...# #..####.# #...#
#.## ..
######...#######.# .
.....#...#......$# #+#
.....#...#.....s.# #.#
...[.#...#......@# #<#
....)# #.......#
#.######## ######
######### #.........
#.#.....###. #
#.#..#..###. #.
#.#.#.##...... #..
#.#.#.##.####. #.#
#.#.#.##.####. #.#
#.#.#.##......


You could see a scorpion.

Vanquished Creatures
  2 adders (D:2)
  3 worms (D:2)
  A dart slug (D:2)
  4 ball pythons
  5 endoplasms
  5 giant cockroaches
  5 goblins
  5 hobgoblins
  4 jackals (D:2)
  8 kobolds
  5 quokkas
  4 bats
  A frilled lizard (D:2)
  7 rats
59 creatures vanquished.

Notes
Turn   | Place    | Note
-------+----------+-------------------------------------------
     0 | D:1      | deletemesenpai the Hill Orc Fighter began the quest for the
                  | Orb.
     0 | D:1      | Reached XP level 1. HP: 19/19 MP: 1/1
   249 | D:1      | Reached XP level 2. HP: 24/27 MP: 2/2
   977 | D:2      | Reached XP level 3. HP: 20/33 MP: 3/3
  1616 | D:2      | Reached XP level 4. HP: 31/40 MP: 4/4
  2545 | D:3      | Found a stormy altar of Qazlal.
  2663 | D:3      | Found a faded altar of an unknown god.
  3003 | D:3      | Noticed a scorpion
  3018 | D:3      | Slain by a scorpion

Illustrated notes

Levels and vault maps discovered:
D:1:      dpeg_arrival_tiny_a, layout_loops_ring, hangedman_decor_growths,
          minmay_pentomino_p2
D:2:      minmay_diamond_boxcup, layout_basic, minmay_distorted
D:3:      layout_loops_corners, grunt_qazlal_sundering, serial_co_window_serial,
          co_window_of_opportunity_a, co_window_paths_a,
          co_window_of_opportunity_a, co_window_paths_a, co_window_paths_a,
          co_window_paths_c, co_window_cross_4, co_window_unsneaky_path_e,
          glass_columns_a, glass_columns_c, shapermc_ecumenical_altar_venn,
          kennysheep_generic_room_16, uniq_grinder

Skill      XL: |  1  2  3  4 |
---------------+-------------+-----
Axes           | 3 4 |  4.0
Fighting       | 4 |  4.1
Armour         | 4 |  4.1
Shields        | 4 |  4.2

Action                   |  1- 3 |  4- 6 || total
-------------------------+-------+-------++-------
Melee: War axe           |   115 |    73 ||   188
  Use: Potion            |       |     1 ||     1
Armor: Scale mail        |    24 |       ||    24
       Chain mail        |    42 |    43 ||    85
Dodge: Dodged            |    27 |    14 ||    41
Block: Kite shield       |    78 |    45 ||   123

Table legend: (Time is in decaauts)
 A = Elapsed time spent in this place.
 B = Non-inter-level travel time spent in this place.
 C = Inter-level travel time spent in this place.
 D = Time resting spent in this place.
 E = Time spent auto-exploring this place.
 F = Levels seen in this place.
 G = Mean time per level.
                   A        B        C        D        E       F      G
               +--------+--------+--------+--------+--------+-----+--------+
         Total |   3120 |   3001 |    119 |    191 |   2217 |   3 | 1040.0 |
       Dungeon |   3120 |   3001 |    119 |    191 |   2217 |   3 | 1040.0 |
               +--------+--------+--------+--------+--------+-----+--------+

Top non-repeatable levels by time:
     D:2: 1865 daAuts
     D:1: 707 daAuts
     D:3: 548 daAuts
